AoeStats
← bougiebirds

African Clearing

503949834Analyzed
2v2 RM · 1mo ago on Sep 3, 2026· 45m 39s· 4 players
Game mode
Random Map
Map size
Medium (4 player)
Population
200
Speed
Normal
Resources
Standard
Victory
Conquest
Starting age
Dark Age
Ending age
Imperial Age
RankedLock teamsTeams togetherTeam positionsShared explorationLock speedFull tech treeHidden civsTurbo modeCheats
Victory
Defeat
🇦🇷 Malians · Argentina
1400
+15
🇺🇸 Maya · United States
1366
+17
🇺🇸 Franks · United States
1454
-31
🇺🇸 Bengalis · United States
1325
-13
Tako龍
8:48 Loom
14:20 Feudal Age
15:20 Double-Bit Axe
17:00 Fletching
21:04 Castle Age
20:01 Padded Archer Armor
21:23 Crossbowman
22:02 Bodkin Arrow
28:23 Leather Archer Armor
29:47 Wheelbarrow
30:55 Ballistics
38:26 Imperial Age
38:22 Scale Mail Armor
39:16 Bracer
41:13 Thumb Ring
41:13 Squires
41:23 Eagle Warrior
42:02 Arbalester
44:42 Bow Saw
44:13 Horse Collar
44:24 Gold Mining
44:53 Eagle Warrior
Piojoso87
8:57 Loom
14:04 Feudal Age
19:02 Castle Age
17:36 Double-Bit Axe
23:35 Horse Collar
26:05 Forging
27:18 Scale Mail Armor
27:21 Gold Mining
28:07 Squires
27:53 Arson
35:32 Bow Saw
42:49 Imperial Age
42:07 Wheelbarrow
43:40 Iron Casting
45:16 Conscription
45:53 Chain Mail Armor
bougiebirds
11:37 Loom
13:22 Feudal Age
17:32 Castle Age
20:32 Town Watch
20:42 Double-Bit Axe
23:20 Bow Saw
23:18 Fletching
24:27 Bodkin Arrow
34:39 Horse Collar
39:29 Ballistics
42:01 Padded Archer Armor
43:29 Wheelbarrow
45:20 Husbandry
45:30 Bloodlines
Head_Of_The_School
8:35 Loom
11:29 Feudal Age
12:23 Double-Bit Axe
18:24 Wheelbarrow
20:53 Gold Mining
23:30 Castle Age
23:01 Scale Barding Armor
24:56 Bow Saw
30:21 Wheelbarrow
34:23 Chain Barding Armor
36:32 Light Cavalry
38:15 Forging
43:19 Imperial Age
41:33 Iron Casting
41:22 Masonry
43:21 Hand Cart
43:53 Cavalier
44:51 Scale Mail Armor
45:27 Plate Barding Armor
45:36 Husbandry
46:57 Chemistry
Connection lost

Rejoining the realm…

Still unreachable

The connection could not be restored.

Session expired

The server has moved on; the page needs a fresh start.